 Dungeon Crawl Stone Soup version 0.23.1 (webtiles) character file.

Game seed: 11374268375191133552

17539 Kairos the Unseen (level 12, -5/63 HPs)
             Began as a Vine Stalker Assassin on Mar 7, 2019.
             Was a Believer of Uskayaw.
             Slain by a skeletal warrior
             ... wielding a +0 scimitar
              (9 damage)
             ... on level 11 of the Dungeon.
             The game lasted 00:32:28 (10897 turns).

Kairos the Unseen (Vine Stalker Assassin)          Turns: 10897, Time: 00:32:29

Health: -5/63      AC:  8    Str: 19    XL:     12   Next: 49%
Magic:  0/13       EV: 17    Int: 11    God:    Uskayaw [**....]
Gold:   846        SH:  0    Dex: 16    Spells: 6/11 levels left

rFire    . . .     SeeInvis +   Y - +0 falchion (holy)
rCold    . . .     Gourm    .   (no shield)
rNeg     . . .     Faith    +   h - +2 robe {Archmagi}
rPois    .         Spirit   +   U - +1 hat
rElec    .         Reflect  .   d - +0 cloak
rCorr    .         Harm     .   I - +0 pair of gloves
MR       +....                  P - +0 pair of boots
Stlth    ++++++++..             j - amulet of faith
HPRegen  1.00/turn              V - ring of see invisible
MPRegen  0.13/turn              s - ring of stealth

@: no status effects
A: fangs 3, regeneration 2, magic shield, antimagic bite, no potion heal 3, rot
immunity
a: Stomp, Line Pass, Renounce Religion


You were on level 11 of the Dungeon.
You worshipped Uskayaw.
Uskayaw was noncommittal.
You were very hungry.

You visited 2 branches of the dungeon, and saw 12 of its levels.
You also visited: Sewer.

You collected 846 gold pieces.

Inventory:

Hand Weapons
 b - a +0 blowgun
 X - a +6 dagger of electrocution
 Y - a +0 falchion of holy wrath (weapon)
Missiles
 e - 104 poisoned needles
 f - 14 curare-tipped needles
 t - a throwing net (quivered)
 z - 8 javelins of returning
 K - 7 poisoned tomahawks
 S - 4 needles of paralysis
Armour
 d - a +0 cloak (worn)
 h - a +2 robe of the Archmagi (worn)
 I - a +0 pair of gloves (worn)
 M - a +0 robe of positive energy
 P - a +0 pair of boots (worn)
 U - a +1 hat (worn)
Jewellery
 j - an amulet of faith (around neck)
 m - an uncursed ring of positive energy
 s - a ring of stealth (right hand)
 w - an uncursed ring of positive energy
 J - an uncursed ring of poison resistance
 V - a ring of see invisible (left hand)
 W - an uncursed ring of stealth
Wands
 a - a wand of random effects (60)
 c - a wand of iceblast (6)
 r - a wand of flame (45)
 x - a wand of scattershot (3)
 G - a wand of digging (11)
 O - a wand of disintegration (12)
Scrolls
 i - 3 scrolls of enchant armour
 l - 3 scrolls of teleportation
 q - a scroll of remove curse
 v - 2 scrolls of immolation
 y - 2 scrolls of magic mapping
 E - 4 scrolls of blinking
 H - a scroll of fear
 Q - a scroll of acquirement
 T - a scroll of amnesia
Potions
 k - a potion of cancellation
 n - a potion of haste {unknown}
 o - 3 potions of magic
 p - a potion of flight {unknown}
 A - 3 potions of might
 B - 2 potions of lignification {unknown}
 C - a potion of resistance {unknown}
 D - a potion of brilliance {unknown}
 F - 4 potions of ambrosia
 L - 2 potions of agility {unknown}
 N - 2 potions of curing
 R - a potion of heal wounds {unknown}
 Z - 2 potions of mutation {unknown}
Comestibles
 g - 18 rations


   Skills:
 + Level 7.6 Fighting
 + Level 9.2 Short Blades
 + Level 2.0 Throwing
 + Level 6.7 Dodging
 + Level 16.9 Stealth
 + Level 1.2 Evocations


You had 6 spell levels left.
You knew the following spells:

 Your Spells              Type           Power        Failure   Level  Hunger
a - Call Imp              Summ           #.......     47%         2    ###....
b - Dazzling Spray        Conj/Hex       #.....       71%         3    ####...

Your spell library contained the following spells:

 Spells                   Type           Power        Failure   Level  Hunger
 Corona                   Hex            #......      34%         1    ##.....
 Sandblast                Erth           #.....       34%         1    ##.....
 Summon Small Mammal      Summ           #...         34%         1    ##.....
 Ensorcelled Hibernation  Hex/Ice        #.....       47%         2    ###....
 Passwall                 Tmut/Erth      #.......     47%         2    ###....
 Call Canine Familiar     Summ           #.......     71%         3    ####...
 Confuse                  Hex            #.......     71%         3    ####...
 Stone Arrow              Conj/Erth      #.....       71%         3    ####...
 Summon Guardian Golem    Hex/Summ       #.......     71%         3    ####...
 Tukima's Dance           Hex            #.......     71%         3    ####...
 Petrify                  Tmut/Erth      #.......     98%         4    #####..
 Summon Ice Beast         Ice/Summ       #.......     98%         4    #####..
 Summon Lightning Spire   Summ/Air       #.......     98%         4    #####..
 Lee's Rapid Deconstruct  Erth           #.........   100%        5    ######.


Dungeon Overview and Level Annotations

Branches:
Dungeon (11/15)            Temple (1/1) D:5            Lair (0/6) D:11
    Orc: D:9-12

Altars:
Ashenzari
Cheibriados
Dithmenos
Elyvilon
Fedhas
Hepliaklqana
Kikubaaqudgha
Nemelex Xobeh
Okawaru
Qazlal
Ru
Sif Muna
Trog
Uskayaw
Vehumet
Wu Jian
Xom
Zin
The Shining One
Beogh

Shops:
D:7 (   D:9 =


Innate Abilities, Weirdness & Mutations

You have razor-sharp teeth.
You heal very quickly.
When hurt, damage is shared between your health and your magic reserves.
Your bite disrupts and absorbs the magic of your enemies.
Potions cannot restore your health.
You are immune to rotting.


Message History

You hit the skeletal warrior but do no damage.
Your bite misses the skeletal warrior.
The skeletal warrior is severely damaged.
The skeletal warrior misses you.
You hit the skeletal warrior but do no damage.
The skeletal warrior is severely damaged.
The skeletal warrior closely misses you.
You hit the skeletal warrior but do no damage.
Your bite misses the skeletal warrior.
The skeletal warrior is severely damaged.
You hit the skeletal warrior.
The skeletal warrior convulses.
Your bite misses the skeletal warrior.
The skeletal warrior is severely damaged.
The skeletal warrior hits you with a +0 scimitar!!
* * * LOW HITPOINT WARNING * * *
You hit the skeletal warrior.
The skeletal warrior convulses.
You bite the skeletal warrior, but do no damage.
The skeletal warrior is severely damaged.
The skeletal warrior hits you with a +0 scimitar!
You die...

#............##.##..##..#..##.
##............#...##.##....##..
#.........=..##...##.......##..
#............#.....##...#.##..#
#...........##.....##.#...##...
#...........#.#####.###..##..#.
#..........##.# #.##...##...(
#..........#..###.#..##.##..#.#
#..>......##..@z..#..##.##.....
#.........###########..########
#........######################
#..............................
#..............................
#..............................
##########..............#######
################ # #


You could see a skeletal warrior.

Vanquished Creatures
  Gastronok (D:11)
  4 two-headed ogres
  An unseen horror (D:10)
  Pikel (D:5)
  An orc knight (D:9)
  2 ugly things (D:11)
  A manticore (D:11)
  2 centaur zombies
  Psyche (D:10)
  2 trolls (D:11)
  A hornet (D:11)
  A slime creature (D:11)
  2 hippogriffs
  A spriggan (D:8)
  5 yaks (D:10)
  A wyvern (D:11)
  2 wraiths
  A steam dragon (D:11)
  Menkaure (D:5)
  Duvessa (D:7)
  3 orc warriors
  3 ice beasts
  A hornet zombie (D:7)
  A sky beast (D:6)
  A slave (D:5)
  7 necrophages
  6 black bears
  4 phantoms
  2 ogres
  7 centaurs
  2 big kobolds
  7 bullfrogs
  Dowan (D:7)
  4 killer bees (D:10)
  6 scorpions
  3 howler monkeys
  5 wights (D:7)
  4 crimson imps
  6 hounds
  4 orc priests
  A gnoll shaman (D:7)
  5 centaur skeletons
  4 jellies
  9 orc wizards
  2 bullfrog skeletons
  Ijyb (D:4)
  Jessica (D:2)
  2 iguanas
  Natasha (thrice) (D:4)
  11 worker ants
  3 killer bee zombies
  3 hound zombies
  The ghost of dscm the Digger, a weakling OpEE (D:5)
  2 hound skeletons (D:5)
  19 gnolls
  A howler monkey skeleton (D:6)
  20 adders
  A river rat (D:4)
  A shadow imp (D:9)
  An ooze (D:1)
  3 adder skeletons
  An adder zombie (D:4)
  4 worms
  2 dart slugs (D:1)
  3 leopard geckos
  42 orcs
  5 giant cockroaches
  4 goblins
  10 hobgoblins
  20 jackals
  19 kobolds
  6 quokkas
  6 ball pythons
  9 bats
  8 frilled lizards
  A leopard gecko skeleton (D:5)
  A quokka zombie (D:8)
  8 rats
  A bush (D:7)
  2 plants (Sewer)
355 creatures vanquished.

Vanquished Creatures (others)
  4 plants (D:7)
  2 withered plants (D:5)
6 creatures vanquished.

Grand Total: 361 creatures vanquished

Notes
Turn   | Place    | Note
-------+----------+-------------------------------------------
     0 | D:1      | Kairos the Vine Stalker Assassin began the quest for the
                  | Orb.
     0 | D:1      | Reached XP level 1. HP: 11/11 MP: 2/2
    68 | D:1      | Reached skill level 5 in Stealth
   113 | D:1      | Reached XP level 2. HP: 14/15 MP: 3/3
  1002 | D:1      | Reached XP level 3. HP: 17/18 MP: 4/4
  1027 | D:2      | Found a shattered altar of Ashenzari.
  1296 | D:2      | Reached skill level 1 in Dodging
  1708 | D:2      | Noticed Jessica
  1710 | D:2      | Killed Jessica
  1710 | D:2      | Reached skill level 6 in Stealth
  1710 | D:2      | Gained mutation: Your natural rate of healing is unusually
                  | fast. [Vine Stalker growth]
  1710 | D:2      | Reached XP level 4. HP: 23/23 MP: 5/5
  1961 | D:2      | Found a faded altar of an unknown god.
  2765 | D:3      | Reached XP level 5. HP: 6/27 MP: 3/6
  3319 | D:4      | Noticed Natasha
  3330 | D:4      | Killed Natasha
  3389 | D:4      | Found a sparkling altar of Nemelex Xobeh.
  3408 | D:4      | Found a glowing drain.
  3442 | D:4      | Reached XP level 6. HP: 30/32 MP: 5/7
  3479 | Sewer    | Entered a sewer
  3574 | Sewer    | Reached skill level 7 in Stealth
  4393 | D:4      | Noticed Ijyb
  4421 | D:4      | HP: 1/32 [scorpion (3)]
  4497 | D:4      | Noticed Natasha
  4505 | D:4      | Killed Natasha
  4545 | D:4      | Killed Ijyb
  4615 | D:4      | Reached XP level 7. HP: 33/36 MP: 8/8
  4686 | D:4      | Noticed Natasha
  4696 | D:4      | Killed Natasha
  4812 | D:4      | Found a sacrificial altar of Ru.
  4934 | D:5      | Entered Level 5 of the Dungeon
  5000 | D:5      | Noticed Menkaure
  5001 | D:5      | Killed Menkaure
  5371 | D:4      | Reached skill level 8 in Stealth
  5431 | D:5      | Found a staircase to the Ecumenical Temple.
  5441 | Temple   | Entered the Ecumenical Temple
  5448 | Temple   | Became a worshipper of Uskayaw the Reveler
  5464 | D:5      | Gained mutation: You have razor-sharp teeth. [Vine Stalker
                  | growth]
  5464 | D:5      | Reached XP level 8. HP: 42/42 MP: 9/9
  5464 | D:5      | Reached * piety under Uskayaw
  5469 | D:5      | Reached ** piety under Uskayaw
  5471 | D:5      | Reached skill level 5 in Short Blades
  5471 | D:5      | Reached *** piety under Uskayaw
  5583 | D:5      | Found a runed translucent door.
  5583 | D:5      | Noticed dscm's ghost (weakling OpEE)
  5607 | D:5      | Noticed Pikel
  5656 | D:5      | Killed Pikel
  5656 | D:5      | Reached **** piety under Uskayaw
  5686 | D:5      | Reached skill level 9 in Stealth
  5985 | D:5      | Killed dscm's ghost
  6054 | D:6      | Reached XP level 9. HP: 46/46 MP: 10/10
  6387 | D:6      | Reached ***** piety under Uskayaw
  6635 | D:6      | Reached skill level 10 in Stealth
  6640 | D:6      | Found an iron altar of Okawaru.
  6703 | D:7      | Reached skill level 5 in Fighting
  6783 | D:7      | Found Tityrphudec's Antique Weapon Emporium.
  6961 | D:7      | Noticed Duvessa
  6963 | D:7      | Noticed Dowan
  6971 | D:7      | Killed Duvessa
  6977 | D:7      | Killed Dowan
  6986 | D:7      | Reached skill level 5 in Dodging
  6986 | D:7      | Reached skill level 11 in Stealth
  7162 | D:7      | Reached XP level 10. HP: 51/51 MP: 11/11
  7233 | D:7      | Found a blossoming altar of Fedhas.
  7802 | D:7      | Reached skill level 12 in Stealth
  7875 | D:8      | Noticed a two-headed ogre
  7884 | D:8      | Killed a two-headed ogre
  7947 | D:8      | Found a sparkling altar of Nemelex Xobeh.
  7953 | D:8      | Found a stormy altar of Qazlal.
  7953 | D:8      | Found a deep blue altar of Sif Muna.
  8025 | D:8      | Reached skill level 13 in Stealth
  8511 | D:8      | Reached skill level 1 in Evocations
  8606 | D:8      | Learned a level 2 spell: Call Imp
  8754 | D:9      | Noticed a two-headed ogre
  8765 | D:9      | Killed a two-headed ogre
  8765 | D:9      | Reached XP level 11. HP: 31/56 MP: 8/12
  8769 | D:9      | Found a glowing golden altar of the Shining One.
  8858 | D:9      | Reached skill level 14 in Stealth
  8966 | D:9      | Found a runed translucent door.
  9005 | D:9      | Found Uraj's Jewellery Emporium.
  9078 | D:9      | Noticed an orc knight
  9109 | D:9      | Killed an orc knight
  9181 | D:9      | Found a roughly hewn altar of Beogh.
  9232 | D:10     | Entered Level 10 of the Dungeon
  9454 | D:10     | Noticed Psyche
  9492 | D:10     | Killed Psyche
  9492 | D:10     | Reached skill level 15 in Stealth
  9496 | D:10     | Reached ****** piety under Uskayaw
  9552 | D:10     | Noticed an unseen horror
  9581 | D:10     | Killed an unseen horror
  9594 | D:10     | Noticed a two-headed ogre
  9613 | D:10     | Killed a two-headed ogre
  9719 | D:10     | Learned a level 3 spell: Dazzling Spray
  9768 | D:10     | Identified a scroll of acquirement
  9987 | D:11     | Found a staircase to the Lair.
 10057 | D:11     | Found a runed translucent door.
 10057 | D:11     | Found a runed translucent door.
 10057 | D:11     | Noticed a manticore
 10057 | D:11     | Noticed a purple ugly thing
 10058 | D:11     | Found a runed translucent door.
 10058 | D:11     | Noticed a two-headed ogre
 10123 | D:11     | Noticed a white ugly thing
 10130 | D:11     | Killed a white ugly thing
 10163 | D:11     | Noticed Gastronok
 10174 | D:11     | Killed Gastronok
 10174 | D:11     | Reached skill level 16 in Stealth
 10174 | D:11     | Gained mutation: You heal very quickly. [Vine Stalker
                  | growth]
 10174 | D:11     | Reached XP level 12. HP: 63/63 MP: 13/13
 10348 | D:11     | Killed a two-headed ogre
 10600 | D:11     | Noticed a rakshasa
 10601 | D:11     | Found the +9 scales of the Dragon King {rPois rF+ rC+ MR+}
 10896 | D:11     | HP: 3/63 [skeletal warrior/+0 scimitar (22)]
 10897 | D:11     | Slain by a skeletal warrior

Skill      XL: |  1  2  3  4  5  6  7  8  9 10 11 12 |
---------------+-------------------------------------+-----
Stealth        | 5 6 7 8 9 11 13 16 | 16.9
Throwing       | 2 |  2.0
Fighting       | 2 3 4 5 6 7 |  7.6
Dodging        | 1 2 4 5 6 |  6.7
Short Blades   | 2 4 5 6 7 8 9 |  9.2
Evocations     | 1 |  1.2

Action                   |  1- 3 |  4- 6 |  7- 9 | 10-12 || total
-------------------------+-------+-------+-------+-------++-------
Melee: Dagger            |    82 |   406 |   404 |   402 ||  1294
       Bite              |    19 |   147 |   140 |   118 ||   424
       Falchion          |       |       |       |     6 ||     6
Throw: Throwing net      |       |     2 |       |       ||     2
Evoke: Wand              |       |       |     3 |     2 ||     5
  Use: Scroll            |     2 |    10 |     4 |    13 ||    29
       Potion            |       |     5 |       |     1 ||     6
 Stab: Sleeping          |    10 |    14 |    25 |    40 ||    89
       Held in net/web   |       |     1 |       |       ||     1
       Paralysed         |       |       |    10 |    22 ||    32
  Eat: Chunk             |     2 |     8 |     4 |    11 ||    25
       Ration            |       |     2 |       |       ||     2
Armor: Robe              |    13 |    52 |    49 |    39 ||   153
Dodge: Dodged            |    43 |   142 |   227 |   206 ||   618
